 Dungeon Crawl Stone Soup version 0.29-a0-337-g68df138881 (webtiles) character file.

Game seed: 5834240634056671855

151 zazu2006 the Magician (level 4, -2/33 HPs)
             Began as a Demigod Hedge Wizard on Apr 16, 2022.
             Succumbed to a scorpion's poison
             ... on level 4 of the Dungeon.
             The game lasted 00:06:44 (4421 turns).

zazu2006 the Magician (Demigod Hedge Wizard)        Turns: 4421, Time: 00:06:44

Health: -2/33      AC:  8    Str: 11    XL:     4   Next: 86%
Magic:  5/12       EV: 11    Int: 20    God:
Gold:   205        SH:  0    Dex: 13    Spells: 1/10 levels left

rFire   . . .      SeeInvis .   u - +0 scimitar
rCold   . . .      Faith    .   (no shield)
rNeg    . . .      Spirit   .   y - +3 leather armour {Will+}
rPois   .          Reflect  .   c - +0 hat
rElec   .          Harm     .   l - +0 cloak
rCorr   .          Rampage  .   n - +0 pair of gloves
Will    +....                   (no boots)
Stlth   ++........              (no amulet)
HPRegen 0.11/turn               (no ring)
MPRegen 0.13/turn               (no ring)

@: mighty, lethally poisoned (-2 -> -15), attractive, very slightly contaminated
A: high MP 1, forlorn, divine attributes
a: no special abilities


You were on level 4 of the Dungeon.
You visited 1 branch of the dungeon, and saw 4 of its levels.

You collected 205 gold pieces.

Inventory:

Hand Weapons
 a - a +0 dagger
 u - a +0 scimitar (weapon)
Armour
 c - a +0 hat (worn)
 l - a +0 cloak (worn)
 n - a +0 pair of gloves (worn)
 y - a +3 leather armour of willpower (worn)
Wands
 x - a wand of flame (28)
Scrolls
 f - 2 scrolls of vulnerability {unknown}
 g - 5 scrolls of identify {unknown}
 j - a scroll of magic mapping {unknown}
 o - a scroll of amnesia {unknown}
 q - a scroll of fog {unknown}
Potions
 b - a potion of curing {unknown}
 d - a potion of magic
 e - a potion of attraction
 h - a potion of might
 k - a potion of invisibility {unknown}
 m - a potion of flight {unknown}
 p - a potion of mutation {unknown}
 r - a potion of resistance {unknown}
 s - a potion of berserk rage {unknown}
 t - 2 potions of brilliance {unknown}
 v - a potion of degeneration {unknown}
 w - a potion of heal wounds {unknown}


   Skills:
 + Level 0.2 Fighting
 + Level 0.7 Long Blades
 + Level 0.6 Armour
 + Level 2.0 Dodging
 + Level 2.1 Stealth
 + Level 3.9 Spellcasting
 + Level 2.0 Conjurations
 + Level 0.8 Summonings
 + Level 0.8 Translocations
 * Level 1.1 Poison Magic


You had one spell level left.
You knew the following spells:

 Your Spells              Type           Power      Damage    Failure   Level
a - Magic Dart            Conj           48%        1d5       8%          1
b - Mephitic Cloud        Conj/Pois/Air  8%         N/A       32%         3
c - Conjure Flame         Conj/Fire      8%         6-21      32%         3
d - Blink                 Tloc           14%        N/A       19%         2

Your spell library contained the following spells:

 Spells                   Type           Power      Damage    Failure   Level
 Slow                     Hex            12%        N/A       17%         1
 Call Imp                 Summ           7%         N/A       19%         2
 Ensorcelled Hibernation  Hex/Ice        6%         N/A       26%         2
 Passwall                 Tmut/Erth      2%         N/A       26%         2
 Swiftness                Air            4%         N/A       45%         3


Dungeon Overview and Level Annotations

Branches:
Dungeon (4/15)
 Temple: D:4-7

Shops:
D:1 :


Innate Abilities, Weirdness & Mutations

You have an increased reservoir of magic. (+10% MP)
You shall have no god before yourself.
Your divine heritage dramatically boosts your attributes as you level up.


Message History

You are poisoned.
The scorpion poisons you!
You closely miss the scorpion.
The scorpion is severely wounded.
You feel very sick. The scorpion closely misses you.
The scorpion stings you but does no damage.
You hit the scorpion but do no damage.
The scorpion is severely wounded.
You feel sick. The scorpion stings you.
You are more poisoned.
The scorpion poisons you! The scorpion misses you.
You hit the scorpion but do no damage.
The scorpion is severely wounded.
You feel very sick. The scorpion stings you.
You are lethally poisoned!
The scorpion poisons you!
Casting: Magic Dart (safe; 8% risk of failure)
Confirm with . or Enter, or press ? or * to list all spells.
Aiming: Magic Dart (safe; 8% risk of failure)
Press: ? - help, Shift-Dir - straight line, f/p - scorpion
Aim: a scorpion (severely wounded, 100% to hit)
You miscast Magic Dart.
You are very lightly contaminated with residual magic.
Nothing appears to happen.
You feel very sick. The scorpion stings you.
* * * LOW HITPOINT WARNING * * *
The scorpion stings you but does no damage.
Unknown command.
It was a potion of attraction.
You feel attractive to monsters.
* * * LOW HITPOINT WARNING * * *
You feel very sick. The scorpion stings you.
* * * LOW HITPOINT WARNING * * *
It was a potion of might.
You feel very mighty all of a sudden.
You die...

...##.....##
...........##
............#
............#
............#
........)...#
...........<#
............#
...?...s@..##
..........##
.....######
....# ...


You could see a scorpion.

Vanquished Creatures
  A hound (D:4)
  Ijyb (D:4)
  An adder (D:3)
  3 worms
  A dart slug (D:2)
  8 orcs (D:3)
  7 ball pythons
  7 bats
  7 endoplasms
  A giant cockroach (D:1)
  6 goblins
  6 hobgoblins
  2 jackals (D:3)
  5 kobolds
  2 quokkas
  3 frilled lizards
  2 rats (D:3)
63 creatures vanquished.

Notes
Turn   | Place    | Note
-------+----------+-------------------------------------------
     0 | D:1      | zazu2006 the Demigod Hedge Wizard began the quest for the
                  | Orb.
     0 | D:1      | Reached XP level 1. HP: 14/14 MP: 6/6
    97 | D:1      | Reached skill level 1 in Conjurations
   159 | D:1      | Found Kivyuf's Book Boutique.
   283 | D:1      | Reached skill level 3 in Spellcasting
   507 | D:1      | Reached XP level 2. HP: 20/20 MP: 0/8
  2041 | D:2      | Reached XP level 3. HP: 26/26 MP: 5/10
  2045 | D:2      | Learned a level 3 spell: Mephitic Cloud
  2049 | D:2      | Learned a level 3 spell: Conjure Flame
  3111 | D:3      | Learned a level 2 spell: Blink
  3885 | D:3      | Reached XP level 4. HP: 26/33 MP: 12/12
  4312 | D:4      | Noticed Ijyb
  4332 | D:4      | Killed Ijyb
  4338 | D:4      | Reached skill level 1 in Poison Magic
  4420 | D:4      | HP: 1/33 [scorpion (4)]
  4421 | D:4      | Succumbed to a scorpion's poison

Illustrated notes

Levels and vault maps discovered:
D:1:      psy_arrival_radial01, layout_basic, serial_shops, shop_coins,
          basic_ecumenical_altar
D:2:      layout_basic, minmay_door_square
D:3:      kennysheep_big_flooded_room, layout_loops_ring, lemuel_tele_altar,
          nicolae_overflow_hidden_temple, fountainhead
D:4:      layout_rooms, minmay_temple_entry_arrows, serial_shops,
          nicolae_shop_advertising_works [nicolae_subvault_shop_adworks],
          hex_intersection, uniq_crazy_yiuf_cottage, uniq_ijyb

Skill      XL: |  1  2  3  4 |
---------------+-------------+-----
Conjurations   | 1 2 |  2.0
Spellcasting   | 3 |  3.9
Stealth        | 2 |  2.1
Dodging        | 2 |  2.0
Poison Magic   | 1 |  1.1
Fighting       | |  0.2
Long Blades    | |  0.7
Armour         | |  0.6
Summonings     | |  0.8
Translocations | |  0.8

Action                   |  1- 3 |  4- 6 || total
-------------------------+-------+-------++-------
Melee: Dagger            |    39 |       ||    39
       Scimitar          |    32 |    21 ||    53
 Cast: Magic Dart        |   137 |    18 ||   155
       Mephitic Cloud    |     3 |     3 ||     6
  Use: Potion            |       |     2 ||     2
 Stab: Confused          |     3 |     1 ||     4
Armor: Robe              |     2 |       ||     2
       Leather armour    |    25 |    12 ||    37
Dodge: Dodged            |    47 |    13 ||    60

Table legend: (Time is in decaauts)
 A = Elapsed time spent in this place.
 B = Non-inter-level travel time spent in this place.
 C = Inter-level travel time spent in this place.
 D = Time resting spent in this place.
 E = Time spent auto-exploring this place.
 F = Levels seen in this place.
 G = Mean time per level.
                   A        B        C        D        E       F      G
               +--------+--------+--------+--------+--------+-----+--------+
         Total |   4441 |   4348 |     93 |    163 |   3644 |   4 | 1110.2 |
       Dungeon |   4441 |   4348 |     93 |    163 |   3644 |   4 | 1110.2 |
               +--------+--------+--------+--------+--------+-----+--------+

Top non-repeatable levels by time:
     D:1: 1719 daAuts
     D:3: 1514 daAuts
     D:2: 1148 daAuts
     D:4: 60 daAuts
